Map: Blackburn LE

Players

ShoWTimE - Winner!

  • Race: Protoss Protoss
  • League: Grandmaster

Lambo

  • Race: Zerg Zerg
  • League: Grandmaster

Event: DreamHack SC2 Masters 2021 Summer

VOD

Have the link to the VOD?

Description

Time

  • Played on: June 4, 2021, 10:53 a.m.
  • Length: 13:48

All games in this series

Show
View Real Time Build Order
Export as new Build Order

ShoWTimE Protoss - Winner!

Build Orders: 1 Gate Expand, Oracle Opening 

Get SALT Encoding   

  12  0:00  Probe  
  13  0:12  Probe  
  14  0:17  Pylon  
  14  0:24  Probe  
  15  0:36  Probe (Chrono Boost)  
  15  0:39  Gateway  
  16  0:46  Probe (Chrono Boost)  
  16  0:47  Assimilator  
  17  0:51  Probe (Chrono Boost)  
  18  1:03  Probe  
  19  1:15  Probe  
  20  1:24  Nexus  
  20  1:33  Cybernetics Core  
  20  1:36  Probe  
  21  1:41  Assimilator  
  21  1:48  Probe  
  21  1:51  Pylon  
  22  2:00  Probe  
  23  2:07  Adept (Chrono Boost)  
  23  2:12  Probe  
  26  2:20  Stargate  
  26  2:25  Probe (Chrono Boost)  
  26  2:27  Adept (Chrono Boost)  
  29  2:33  Warp Gate  
  29  2:36  Probe (Chrono Boost)  
  31  2:43  Probe (Chrono Boost)  
  31  2:45  Probe (Chrono Boost)  
  31  2:49  Probe (Chrono Boost), Adept  
  31  2:50  Probe (Chrono Boost)  
  36  3:01  Probe, Pylon  
  36  3:02  Probe  
  36  3:04  Oracle (Chrono Boost)  
  41  3:13  Probe  
  41  3:14  Probe  
  41  3:19  Adept  
  45  3:25  Probe  
  46  3:27  Gateway  
  46  3:29  Probe  
  47  3:35  Oracle (Chrono Boost)  
  47  3:37  Probe  
  51  3:43  Probe  
  52  3:50  Probe  
  52  3:55  Nexus  
  53  3:57  Pylon  
  53  3:58  Probe  
  53  4:02  Pylon  
  54  4:07  Assimilator  
  54  4:12  Oracle (Chrono Boost)  
  54  4:15  Probe x2  
  59  4:18  Assimilator  
  59  4:23  Stalker  
  61  4:27  Probe x2, Adept  
  65  4:33  Pylon  
  65  4:39  Probe x2  
  65  4:45  Robotics Facility  
  67  4:50  Forge  
  67  4:51  Probe (Chrono Boost)  
  67  4:52  Probe (Chrono Boost)  
  69  5:03  Probe (Chrono Boost)  
  69  5:05  Gateway  
  71  5:08  Sentry x2  
  71  5:09  Probe (Chrono Boost)  
  71  5:12  Probe x2 (Chrono Boost)  
  77  5:16  Probe (Chrono Boost)  
  77  5:18  Shield Battery  
  77  5:19  Probe (Chrono Boost)  
  77  5:20  Probe (Chrono Boost)  
  76  5:24  Protoss Ground Weapons Level 1  
  77  5:32  Probe (Chrono Boost)  
  77  5:33  Probe (Chrono Boost)  
  77  5:35  Probe (Chrono Boost)  
  79  5:37  Immortal  
  79  5:38  Probe (Chrono Boost), Robotics Bay  
  79  5:40  Probe (Chrono Boost)  
  79  5:42  Probe, Photon Cannon  
  86  5:44  Sentry  
  86  5:47  Probe (Chrono Boost)  
  89  5:50  Photon Cannon  
  89  5:54  Pylon  
  89  5:55  Probe (Chrono Boost)  
  91  5:58  Probe (Chrono Boost)  
  91  5:59  Probe (Chrono Boost)  
  91  6:00  Assimilator  
  93  6:04  Pylon  
  93  6:05  Assimilator  
  93  6:07  Shield Battery  
  92  6:12  Stalker x2  
  92  6:14  Pylon  
  92  6:18  Shield Battery  
  96  6:19  Pylon  
  96  6:21  Shield Battery  
  96  6:23  Zealot  
  96  6:24  Photon Cannon, Disruptor (Chrono Boost)  
  98  6:26  Shield Battery  
  98  6:30  Pylon  
  101  6:35  Probe x3  
  101  6:38  Pylon  
  101  6:39  Zealot x2  
  106  6:52  Disruptor (Chrono Boost)  
  103  6:54  Zealot  
  92  7:02  Zealot x2  
  90  7:09  Probe x2  
  90  7:11  Photon Cannon  
  89  7:16  Gateway  
  89  7:17  Zealot  
  83  7:23  Gateway, Zealot x2  
  83  7:25  Gateway, Disruptor (Chrono Boost)  
  85  7:31  Probe  
  85  7:36  Probe  
  80  7:40  Zealot  
  80  7:41  Probe (Chrono Boost)  
  80  7:43  Stalker x2  
  86  7:45  Probe (Chrono Boost)  
  86  7:47  Phoenix (Chrono Boost)  
  86  7:49  Protoss Ground Armor Level 1  
  89  7:51  Probe (Chrono Boost)  
  89  7:52  Twilight Council  
  89  7:53  Probe (Chrono Boost)  
  93  7:59  Observer (Chrono Boost)  
  93  8:01  Probe (Chrono Boost)  
  93  8:02  Probe (Chrono Boost)  
  93  8:03  Probe (Chrono Boost)  
  93  8:04  Stalker  
  96  8:06  Phoenix (Chrono Boost)  
  96  8:08  Zealot x2  
  102  8:13  Pylon  
  102  8:15  Gateway  
  102  8:17  Warp Prism (Chrono Boost)  
  102  8:18  Gateway  
  102  8:23  Zealot x2  
  108  8:27  Phoenix  
  108  8:28  Charge (Chrono Boost)  
  108  8:33  Dark Shrine  
  110  8:38  Pylon  
  110  8:43  Stalker x4  
  118  8:56  Phoenix (Chrono Boost)  
  118  9:00  Stalker x2  
  118  9:01  Photon Cannon  
  121  9:05  Photon Cannon  
  121  9:12  Phoenix  
  122  9:17  Shield Battery  
  122  9:19  Pylon  
  122  9:27  Probe  
  123  9:32  Shield Battery  
  123  9:33  Nexus  
  123  9:37  Phoenix (Chrono Boost)  
  125  9:46  Nexus  
  121  9:53  Dark Templar x3  
  121  9:58  Archon  
  121  9:59  Phoenix (Chrono Boost)  
  129  10:03  Dark Templar x3  
  135  10:07  Archon  
  135  10:09  Archon  
  133  10:15  Observer  
  133  10:17  Phoenix (Chrono Boost)  
  133  10:20  Stalker x2  
  132  10:26  Stalker x2  
  127  10:31  Zealot  
  127  10:33  Phoenix (Chrono Boost)  
  126  10:37  Dark Templar  
  122  10:43  Dark Templar  
  118  10:50  Phoenix (Chrono Boost)  
  118  10:57  Stalker  
  91  11:08  Dark Templar  
  91  11:12  Probe  
  64  11:52  Archon  
  58  13:04  Observer  
  56  13:15  Probe (Chrono Boost)  
  58  13:23  Probe (Chrono Boost)  
  58  13:24  Probe (Chrono Boost)  
Show
View Real Time Build Order
Export as new Build Order

Lambo Zerg 

Build Orders: Hatch First 

Get SALT Encoding   

  12  0:00  Drone  
  13  0:12  Overlord  
  13  0:17  Drone  
  14  0:30  Drone x2  
  16  0:47  Hatchery  
  15  0:51  Drone  
  15  0:54  Drone  
  17  0:58  Drone  
  18  1:08  Extractor  
  17  1:12  Spawning Pool  
  17  1:16  Drone  
  17  1:20  Drone  
  18  1:28  Drone  
  19  1:38  Drone  
  20  1:50  Overlord  
  20  1:59  Queen x2  
  20  2:00  Zergling x4  
  26  2:10  Drone  
  26  2:11  Metabolic Boost  
  26  2:13  Drone  
  28  2:20  Drone  
  28  2:22  Drone  
  30  2:34  Hatchery  
  29  2:41  Drone x2  
  31  2:45  Queen  
  31  2:51  Overlord  
  33  2:54  Drone  
  33  2:56  Zergling x2  
  35  3:01  Drone  
  36  3:09  Zergling x2  
  36  3:10  Overlord  
  36  3:11  Queen  
  39  3:17  Drone x2  
  39  3:19  Drone  
  42  3:29  Queen  
  42  3:30  Drone x2  
  47  3:34  Drone  
  47  3:38  Drone x2  
  49  3:41  Spore Crawler  
  49  3:42  Drone  
  49  3:44  Drone  
  49  3:47  Drone  
  51  3:53  Drone x2  
  51  3:54  Drone  
  54  3:57  Drone  
  54  4:00  Queen  
  57  4:03  Drone, Spore Crawler  
  57  4:07  Drone  
  58  4:11  Overlord  
  58  4:12  Overlord  
  58  4:15  Drone  
  58  4:22  Roach Warren, Overlord  
  57  4:27  Zergling x2  
  57  4:30  Drone x4, Extractor  
  57  4:31  Extractor  
  60  4:34  Zergling x4  
  60  4:35  Drone  
  60  4:36  Drone  
  64  4:40  Drone x2  
  64  4:43  Drone x3  
  69  4:47  Drone x2  
  69  4:49  Drone  
  69  4:50  Drone  
  69  4:52  Zergling x2  
  74  4:59  Lair  
  74  5:01  Extractor x2  
  74  5:04  Drone x2  
  74  5:06  Spore Crawler, Overlord  
  73  5:09  Drone  
  73  5:16  Drone x2  
  74  5:23  Overlord  
  74  5:24  Overlord x2  
  74  5:28  Roach x4  
  82  5:33  Overlord  
  82  5:35  Overlord  
  82  5:41  Overlord  
  82  5:46  Roach x6  
  94  5:54  Roach x3  
  94  5:55  Spore Crawler  
  99  6:00  Zergling x12  
  99  6:02  Ravager x2  
  99  6:03  Ravager  
  109  6:06  Ravager x2  
  109  6:07  Ravager x2  
  109  6:10  Zergling x4  
  115  6:14  Zergling x4  
  115  6:17  Ravager  
  115  6:18  Ravager, Overlord  
  118  6:23  Zergling x10  
  123  6:28  Zergling x10  
  128  6:33  Zergling x4  
  128  6:36  Zergling x4  
  128  6:38  Ravager  
  128  6:39  Ravager x2  
  134  6:41  Overlord  
  126  6:48  Zergling x4  
  115  6:56  Zergling x10  
  99  7:02  Queen x2  
  99  7:05  Spire  
  90  7:13  Zergling x8  
  90  7:21  Zergling x4  
  87  7:27  Extractor  
  82  7:35  Hatchery  
  76  7:39  Drone x6  
  76  7:40  Queen  
  70  8:00  Drone x2  
  70  8:04  Evolution Chamber  
  71  8:18  Mutalisk x9, Zerg Flyer Weapons Level 1  
  89  8:23  Mutalisk x3  
  95  8:30  Mutalisk  
  97  8:34  Drone x3  
  100  8:46  Mutalisk x3  
  100  8:48  Extractor  
  105  8:49  Drone x5, Extractor  
  105  8:52  Spore Crawler  
  105  8:55  Zerg Melee Weapons Level 1  
  108  8:58  Mutalisk  
  108  9:00  Zergling x10  
  115  9:05  Mutalisk  
  117  9:13  Mutalisk  
  117  9:15  Drone x3  
  122  9:24  Queen  
  122  9:25  Mutalisk x2  
  122  9:26  Zergling x10  
  122  9:29  Hatchery  
  122  9:30  Overlord  
  122  9:31  Mutalisk  
  133  9:41  Mutalisk x2  
  132  9:46  Mutalisk  
  132  9:50  Zergling x14  
  137  9:56  Mutalisk x2  
  141  10:02  Mutalisk x2  
  141  10:06  Zergling x14  
  150  10:18  Mutalisk  
  150  10:27  Spine Crawler  
  149  10:28  Spine Crawler x2  
  149  10:29  Spine Crawler x3  
  136  10:39  Mutalisk x3  
  134  10:47  Mutalisk  
  134  10:48  Mutalisk x3  
  115  10:57  Mutalisk  
  115  11:04  Drone x3  
  102  11:06  Zergling x20  
  102  11:10  Overseer  
  91  11:28  Zergling x4  
  80  12:28  Spine Crawler  
  80  12:29  Spine Crawler  
  78  12:51  Zergling x14  
  79  13:21  Zergling x6  
Tags
 
Add a new tag
Caveats
  • Supply blocks, unpowered buildings, or Contaminate may cause inaccurate times.
  • Supply counts are checked every 10 seconds.